[Event "Titled Tuesday Blitz July 18 Late 2023"]
[White "Kanyamarala, Tarun"]
[Black "Nakamura, Hikaru"]
[WhiteFideId "45004714"]
[BlackFideId "2016192"]
[WhiteElo "2507"]
[BlackElo "3249"]
[Result "0-1"]
[Round "1"]
[TimeControl "180+2"]
[Date "2023.07.18"]
[WhiteClock "0:01:07"]
[BlackClock "0:02:27"]
[Board "1"]

1. d4 a6 2. c4 e6 3. Nf3 Nf6 4. g3 b5 5. cxb5 axb5 6. Bg2 Bb7 7. O-O c5 8. b3 d5 9. dxc5 Bxc5 10. Bb2 Nbd7 11. Nc3 b4 12. Nb5 Qb6 13. Nbd4 O-O 14. e3 Ne4 15. Ne2 Ba6 16. Ne5 Nxe5 17. Bxe5 Bxe3 18. Bxe4 dxe4 19. fxe3 Qxe3+ 20. Rf2 Rfd8 21. Qc1 Qxc1+ 22. Rxc1 e3 23. Rg2 Bb7 24. Nf4 Bxg2 25. Nxg2 f6 26. Bf4 e2 27. Re1 Rxa2 28. Kf2 e5 29. Be3 Rd3 30. Rxe2 Rxe2+ 31. Kxe2 Rxb3 32. Ne1 Rb2+ 33. Bd2 b3 34. Nd3 Ra2 35. Kd1 b2 36. Kc2 b1=Q+ 0-1


[Site "https://www.chess.com"]

[Event "Titled Tuesday Blitz July 18 Late 2023"]
[White "Naroditsky, Daniel"]
[Black "Silva, Caio Henrique Angelico"]
[WhiteFideId "2026961"]
[BlackFideId "22777210"]
[WhiteElo "3141"]
[BlackElo "2506"]
[Result "1/2-1/2"]
[Round "1"]
[TimeControl "180+2"]
[Date "2023.07.18"]
[WhiteClock "0:00:18"]
[BlackClock "0:00:21"]
[Board "2"]

1. d4 d5 2. Nc3 Nf6 3. Bf4 c5 4. e4 cxd4 5. Qxd4 Nc6 6. Bb5 dxe4 7. Qa4 Bd7 8. O-O-O Qb6 9. Be3 Qc7 10. Nxe4 Nxe4 11. Qxe4 e6 12. Nf3 Be7 13. h4 a6 14. Ba4 Rc8 15. Kb1 b5 16. Bb3 Na5 17. Ne5 Bc6 18. Nxc6 Qxc6 19. Qxc6+ Rxc6 20. g3 Bc5 21. Bxc5 Rxc5 22. Rd3 Ke7 23. Rhd1 Rhc8 24. Rd7+ Kf6 25. R1d3 Rf5 26. f4 Rfc5 27. Rd2 Nxb3 28. axb3 R8c7 29. R7d4 h5 30. c3 Kf5 31. R2d3 f6 32. Kc2 a5 33. b4 axb4 34. Rxb4 e5 35. fxe5 Rxe5 36. Rf3+ Kg6 37. Kb3 Rd7 38. c4 bxc4+ 39. Rxc4 Rb5+ 40. Kc3 Rdb7 41. b4 Re5 42. Kb3 Re1 43. Rf2 Re3+ 44. Rc3 Re4 45. Rc4 Re3+ 46. Ka4 Rxg3 47. b5 Rg4 48. Rff4 Rxf4 49. Rxf4 Kf7 50. Ka5 Ke6 51. Ka6 Rb8 52. b6 g5 1/2-1/2


[Site "https://www.chess.com"]

[Event "Titled Tuesday Blitz July 18 Late 2023"]
[White "only_strong_moves"]
[Black "Firouzja, Alireza"]
[BlackFideId "12573981"]
[WhiteElo "2505"]
[BlackElo "3128"]
[Result "0-1"]
[Round "1"]
[TimeControl "180+2"]
[Date "2023.07.18"]
[WhiteClock "0:00:11"]
[BlackClock "0:02:17"]
[Board "3"]

1. d4 Nf6 2. c4 g6 3. Nc3 Bg7 4. e4 O-O 5. Nf3 d6 6. Be2 Na6 7. O-O e5 8. dxe5 dxe5 9. Qxd8 Rxd8 10. Bg5 c6 11. Rad1 Re8 12. Be3 Ng4 13. Bc1 Nc5 14. h3 Nf6 15. Nd2 Ne6 16. Nb3 a5 17. a4 Bf8 18. f4 Nxf4 19. Bxf4 exf4 20. Rxf4 Nd7 21. Bg4 Ne5 22. Bxc8 Rexc8 23. c5 Rd8 24. Rxd8 Rxd8 25. Rf1 Nc4 26. Kh2 Rd3 27. e5 Nxb2 28. Rc1 Bg7 29. Nxa5 Bxe5+ 30. Kh1 Rxc3 31. Re1 Bg3 32. Rf1 Nxa4 33. Nxb7 Nxc5 34. Nd8 f5 35. Nxc6 Ne4 36. Nd4 Rd3 37. Ne2 Be5 38. Kg1 Kf7 39. Rc1 Kf6 40. Rc6+ Rd6 41. Rc4 Rd1# 0-1


[Site "https://www.chess.com"]

[Event "Titled Tuesday Blitz July 18 Late 2023"]
[White "Nihal Sarin"]
[Black "Melian, Juan Sebastian"]
[WhiteFideId "25092340"]
[BlackFideId "3706575"]
[WhiteElo "3058"]
[BlackElo "2504"]
[Result "1-0"]
[Round "1"]
[TimeControl "180+2"]
[Date "2023.07.18"]
[WhiteClock "0:00:49"]
[BlackClock "0:00:02"]
[Board "4"]

1. a3 d5 2. Nf3 Nf6 3. d4 Bf5 4. c4 e6 5. Qb3 Qc8 6. cxd5 exd5 7. Nc3 c6 8. Bf4 Be7 9. e3 O-O 10. h3 h6 11. Be2 Nbd7 12. Rc1 Nb6 13. O-O Re8 14. Ne5 Nfd7 15. Nd3 Nc4 16. Rfd1 Ndb6 17. Nc5 Bd6 18. Bxd6 Nxd6 19. Bf1 Re7 20. a4 Qd8 21. a5 Nbc8 22. a6 b6 23. Nd3 Rc7 24. Ne5 Ne7 25. Ne2 Rac8 26. Nf4 f6 27. Ned3 Kh8 28. Nb4 Qd7 29. Qa4 Bh7 30. Bd3 Bxd3 31. Nbxd3 Nc4 32. b3 Nd6 33. Rc2 Ne4 34. Rdc1 Qd6 35. Qb4 c5 36. dxc5 bxc5 37. Qa5 c4 38. bxc4 Rxc4 39. Rxc4 dxc4 40. Ne1 c3 41. Nf3 c2 42. Nd4 Nc6 43. Qf5 Re8 44. Qb5 Re6 45. Nfxe6 1-0


[Site "https://www.chess.com"]

[Event "Titled Tuesday Blitz July 18 Late 2023"]
[White "Mathieu, Phileas"]
[Black "Mamedov, Rauf"]
[WhiteFideId "36048410"]
[BlackFideId "13401653"]
[WhiteElo "2504"]
[BlackElo "3047"]
[Result "0-1"]
[Round "1"]
[TimeControl "180+2"]
[Date "2023.07.18"]
[WhiteClock "0:00:03"]
[BlackClock "0:00:31"]
[Board "5"]

1. e4 c5 2. Nf3 d6 3. d4 cxd4 4. Nxd4 Nf6 5. Nc3 g6 6. f3 Bg7 7. Be3 Nc6 8. Qd2 O-O 9. O-O-O d5 10. exd5 Nxd5 11. Nxc6 bxc6 12. Bd4 e5 13. Bc5 Be6 14. Ne4 Re8 15. h4 h6 16. g4 Qc7 17. h5 g5 18. Bd3 Red8 19. Kb1 Nf4 20. Qc3 Rab8 21. Bc4 Bd5 22. Rd2 Ne6 23. Be3 Nd4 24. Bxd5 Rxd5 25. Bxd4 exd4 26. Qc4 a5 27. Rd3 Rb4 28. Qa6 c5 29. c4 Rd8 30. Nf6+ Bxf6 31. Qxf6 Rb6 32. Qf5 Re8 33. Rdd1 Re2 34. b3 Rbe6 35. Rhf1 a4 36. f4 axb3 37. a3 Ra6 38. Qd3 Re3 39. Qd2 Rxa3 40. fxg5 Ra2 41. Qc1 Qa5 0-1


[Site "https://www.chess.com"]

[Event "Titled Tuesday Blitz July 18 Late 2023"]
[White "Martinez Alcantara, Jose Eduardo"]
[Black "Kisic, Bozidar"]
[WhiteFideId "3805662"]
[BlackFideId "16500350"]
[WhiteElo "3046"]
[BlackElo "2503"]
[Result "1-0"]
[Round "1"]
[TimeControl "180+2"]
[Date "2023.07.18"]
[WhiteClock "0:00:30"]
[BlackClock "0:00:07"]
[Board "6"]

1. e4 g6 2. d4 Bg7 3. c3 d6 4. Bd3 a6 5. Nf3 Nc6 6. O-O e5 7. dxe5 dxe5 8. h3 h6 9. Be3 Be6 10. Qe2 Qe7 11. Nbd2 Nf6 12. b4 Nh5 13. Rfe1 Nf4 14. Bxf4 exf4 15. e5 O-O-O 16. Bxa6 Bd5 17. Bc4 g5 18. b5 Na5 19. Bxd5 Rxd5 20. c4 Rdd8 21. Nb3 Qb4 22. Nxa5 Qxa5 23. Qe4 Kb8 24. a4 Rhe8 25. c5 f6 26. Qg6 Bh8 27. exf6 Rf8 28. Rab1 b6 29. cxb6 Qxb6 30. a5 Qxf6 31. Qe4 Qf5 32. Qc4 Qd5 33. Qa4 g4 34. hxg4 h5 35. g5 h4 36. b6 c6 37. a6 h3 38. a7+ Kb7 39. Re7+ Rd7 40. Rxd7+ Qxd7 41. Qb4 Rf7 42. a8=Q+ Kxa8 43. b7+ Kb8 44. Qa5 1-0


[Site "https://www.chess.com"]

[Event "Titled Tuesday Blitz July 18 Late 2023"]
[White "D`Arruda, Ricardo D."]
[Black "Bortnyk, Mykola"]
[WhiteFideId "100692"]
[BlackFideId "14120836"]
[WhiteElo "2503"]
[BlackElo "3041"]
[Result "1/2-1/2"]
[Round "1"]
[TimeControl "180+2"]
[Date "2023.07.18"]
[WhiteClock "0:00:32"]
[BlackClock "0:00:18"]
[Board "7"]

1. d4 Nf6 2. Nf3 e6 3. c4 Bb4+ 4. Nbd2 O-O 5. a3 Be7 6. e4 d5 7. cxd5 exd5 8. e5 Ne4 9. Bd3 Bf5 10. Qc2 c5 11. Nxe4 dxe4 12. Bxe4 Bxe4 13. Qxe4 cxd4 14. Qxd4 Nc6 15. Qxd8 Raxd8 16. O-O Rd5 17. Be3 Rfd8 18. Rfe1 a5 19. h3 a4 20. Bb6 R8d7 21. Re2 h6 22. Re4 Rb5 23. Be3 Rxb2 24. Rxa4 Rb5 25. Re4 Rdd5 26. Bf4 Ra5 27. Rb1 Ra7 28. a4 g5 29. Be3 Bc5 30. Rb5 Rd1+ 31. Kh2 Bxe3 32. Rxe3 Nd8 33. a5 Ra1 34. Rd3 Ne6 35. Rd7 R1xa5 36. Rbxb7 Rxb7 37. Rxb7 Ra2 38. Kg3 Nf4 39. Nd4 Ne2+ 40. Nxe2 Rxe2 41. Rb5 Kg7 42. Kf3 Re1 43. g3 Kg6 44. Rb6+ Kg7 45. Rb5 Kg6 46. g4 Rh1 47. Kg2 Re1 48. Kg3 Kg7 49. Rc5 Rg1+ 50. Kh2 Re1 51. Kg3 Kg6 52. f3 Re2 53. h4 Kg7 54. h5 Kh7 55. Rc7 Kg7 56. Rc5 Kh7 57. Rc7 Kg7 58. Rc5 1/2-1/2


[Site "https://www.chess.com"]

[Event "Titled Tuesday Blitz July 18 Late 2023"]
[White "Paravyan, David"]
[Black "Seletsky, Grigory"]
[WhiteFideId "4194985"]
[BlackFideId "14112191"]
[WhiteElo "3025"]
[BlackElo "2501"]
[Result "1-0"]
[Round "1"]
[TimeControl "180+2"]
[Date "2023.07.18"]
[WhiteClock "0:02:45"]
[BlackClock "0:00:05"]
[Board "8"]

1. e4 c5 2. Nf3 e6 3. d4 cxd4 4. Nxd4 Nf6 5. Nc3 d6 6. g4 a6 7. g5 Nfd7 8. h4 Nc6 9. Rg1 g6 10. Be3 Qc7 11. Nxc6 bxc6 12. Qd4 e5 13. Qc4 Nb6 14. Nd5 Nxd5 15. exd5 Bb7 16. O-O-O Rc8 17. Qa4 Bg7 18. Bh3 Rd8 19. Bg2 Rc8 20. h5 O-O 21. dxc6 Bxc6 22. Bxc6 Qxc6 23. Qxc6 Rxc6 24. h6 Bh8 25. Rd5 Re8 26. Rgd1 Re6 27. a4 f5 28. b4 f4 29. Bc5 dxc5 30. Rd8+ Kf7 31. b5 axb5 32. axb5 Rb6 33. Rxh8 Re7 34. Rxh7+ Ke6 35. Rxe7+ Kxe7 36. c4 Ke6 37. h7 Rb8 38. b6 e4 39. b7 Kf5 40. Rh1 Rh8 41. b8=Q Rxb8 42. h8=Q Rxh8 43. Rxh8 Kxg5 44. Kd2 Kf5 45. Ke2 g5 46. Rc8 Kg4 47. Rxc5 e3 48. f3+ Kh4 49. Rf5 g4 50. Rxf4 Kh3 51. Rxg4 Kh2 52. c5 1-0


[Site "https://www.chess.com"]

[Event "Titled Tuesday Blitz July 18 Late 2023"]
[White "Taboas Rodriguez, Daniel"]
[Black "Bortnyk, Olexandr"]
[WhiteFideId "2208466"]
[BlackFideId "14120828"]
[WhiteElo "2501"]
[BlackElo "3021"]
[Result "0-1"]
[Round "1"]
[TimeControl "180+2"]
[Date "2023.07.18"]
[WhiteClock "0:00:13"]
[BlackClock "0:00:50"]
[Board "9"]

1. d4 Nf6 2. Nf3 b6 3. Bg5 e6 4. e4 Be7 5. Nc3 Bb7 6. Bd3 h6 7. Bh4 d5 8. exd5 Nxd5 9. Bxe7 Qxe7 10. Nxd5 exd5+ 11. Qe2 Qxe2+ 12. Kxe2 O-O 13. Kd2 c5 14. c3 Nc6 15. Rhe1 Rfe8 16. Bb5 f6 17. Rxe8+ Rxe8 18. Re1 Rxe1 19. Kxe1 Kf7 20. Bxc6 Bxc6 21. Kd2 c4 22. Ke3 Bd7 23. h4 g5 24. hxg5 hxg5 25. Ng1 Bf5 26. f4 Be4 27. g3 Kg6 28. Nh3 Kf5 29. Nf2 gxf4+ 30. gxf4 Bb1 31. a3 Bc2 32. Nh1 Kg4 33. Nf2+ Kg3 34. Nh1+ Kg2 35. Nf2 Bf5 36. Nd1 Bg4 37. Nf2 Bh5 38. f5 b5 39. Ne4 dxe4 40. Kxe4 Bf3+ 41. Kf4 Kf2 0-1


[Site "https://www.chess.com"]

[Event "Titled Tuesday Blitz July 18 Late 2023"]
[White "Bluebaum, Matthias"]
[Black "Yeritsyan, Hayk"]
[WhiteFideId "24651516"]
[BlackFideId "13307320"]
[WhiteElo "3015"]
[BlackElo "2499"]
[Result "1-0"]
[Round "1"]
[TimeControl "180+2"]
[Date "2023.07.18"]
[WhiteClock "0:02:03"]
[BlackClock "0:00:13"]
[Board "10"]

1. d4 d5 2. c4 e6 3. Nc3 Nf6 4. cxd5 Nxd5 5. e4 Nxc3 6. bxc3 c5 7. Rb1 cxd4 8. cxd4 Be7 9. Bc4 O-O 10. Ne2 b6 11. O-O Bb7 12. Ng3 Nd7 13. Bb2 Bf6 14. e5 Be7 15. Qg4 Re8 16. Nh5 g6 17. Rbd1 Qc7 18. Bb3 Nf8 19. h4 Red8 20. Nf4 a5 21. a4 b5 22. d5 exd5 23. Nxd5 Bxd5 24. Bxd5 Rab8 25. e6 f6 26. Qf3 Kg7 27. h5 bxa4 28. Bxf6+ Bxf6 29. h6+ Kxh6 30. Qxf6 Re8 31. Rd3 1-0


[Site "https://www.chess.com"]

[Event "Titled Tuesday Blitz July 18 Late 2023"]
[White "Ansh M Shah"]
[Black "Duda, Jan-Krzysztof"]
[WhiteFideId "25033379"]
[BlackFideId "1170546"]
[WhiteElo "2492"]
[BlackElo "3012"]
[Result "0-1"]
[Round "1"]
[TimeControl "180+2"]
[Date "2023.07.18"]
[WhiteClock "0:00:00"]
[BlackClock "0:00:45"]
[Board "11"]

1. d4 g6 2. c4 Bg7 3. Nc3 d6 4. e4 e6 5. Be3 b6 6. f3 Bb7 7. g3 Nd7 8. Bg2 a6 9. Nge2 c5 10. O-O cxd4 11. Nxd4 Ngf6 12. Rc1 O-O 13. b3 Rc8 14. Qd2 Qc7 15. Bh6 Bxh6 16. Qxh6 Qc5 17. Qe3 e5 18. Nc2 b5 19. Qxc5 Nxc5 20. Ne3 b4 21. Ne2 a5 22. Rfd1 Rfd8 23. Rc2 Kf8 24. Nc1 Ke7 25. Nd3 Ne6 26. Rcd2 Nd7 27. Bh3 Ng5 28. Bxd7 Nxf3+ 29. Kg2 Nxd2 30. Bxc8 Bxe4+ 31. Kf2 Nxb3 32. axb3 Rxc8 33. Nb2 Ke6 34. Ra1 Ra8 35. c5 d5 36. Na4 Rc8 37. Rc1 Rc6 38. Ke2 f5 39. Nb2 g5 40. Nd3 h5 41. Nf2 d4 42. Nxe4 fxe4 43. Nf1 e3 44. Kd3 Kd5 45. h3 Rxc5 46. Rxc5+ Kxc5 0-1


[Site "https://www.chess.com"]

[Event "Titled Tuesday Blitz July 18 Late 2023"]
[White "Makarian, Rudik"]
[Black "Kaplan, Avi Harrison"]
[WhiteFideId "44105681"]
[BlackFideId "30934559"]
[WhiteElo "3002"]
[BlackElo "2491"]
[Result "1-0"]
[Round "1"]
[TimeControl "180+2"]
[Date "2023.07.18"]
[WhiteClock "0:01:04"]
[BlackClock "0:00:06"]
[Board "12"]

1. d4 Nf6 2. c4 a6 3. Nc3 b5 4. cxb5 axb5 5. Nxb5 e5 6. e3 Bb4+ 7. Bd2 Bxd2+ 8. Qxd2 O-O 9. dxe5 Ne4 10. Qd5 Ra4 11. Nc3 Nxc3 12. bxc3 Nc6 13. Nf3 Bb7 14. Qd2 Re8 15. Bb5 Ra5 16. c4 Ra8 17. O-O Nxe5 18. Nxe5 Rxe5 19. Qxd7 Qh4 20. Qxc7 Qe4 21. f3 Qxe3+ 22. Kh1 Bc8 23. Qd8+ Re8 24. Qxe8+ Qxe8 25. Bxe8 Be6 26. Bb5 Rc8 27. a4 g6 28. Rfc1 Kg7 29. a5 h5 30. a6 h4 31. h3 Kh6 32. Kg1 Kg5 33. Kf2 Rd8 34. Ke3 Bc8 35. Bc6 f5 36. f4+ Kh5 37. a7 Be6 38. Bf3+ Kh6 39. a8=N Bc8 40. Nc7 g5 41. Nd5 gxf4+ 42. Kxf4 Rd6 43. Rab1 Bd7 44. Ra1 Rc6 45. Ra2 Rc8 46. Rb2 Rc6 47. Rbc2 Rc8 48. Rd2 Ra8 49. Re2 Ra7 50. Re7 Ra4 51. Nf6 Kg6 52. Ke5 f4 53. Bh5+ Kh6 54. Rh7+ Kg5 55. Rg7+ Kh6 56. Rg6# 1-0


[Site "https://www.chess.com"]

[Event "Titled Tuesday Blitz July 18 Late 2023"]
[White "Berezin, Viktor"]
[Black "Oparin, Grigoriy"]
[WhiteFideId "14107872"]
[BlackFideId "24125890"]
[WhiteElo "2491"]
[BlackElo "2996"]
[Result "1-0"]
[Round "1"]
[TimeControl "180+2"]
[Date "2023.07.18"]
[WhiteClock "0:00:08"]
[BlackClock "0:00:03"]
[Board "13"]

1. d4 Nf6 2. Nf3 b6 3. g3 Bb7 4. Bg2 e6 5. O-O c5 6. c4 cxd4 7. Nxd4 Qc8 8. Bxb7 Qxb7 9. Nc3 Be7 10. Bf4 O-O 11. Ndb5 Na6 12. Bd6 Bxd6 13. Qxd6 Rac8 14. b3 Rfd8 15. Rfd1 Nc5 16. Qf4 Ne8 17. Nd6 Nxd6 18. Rxd6 Qb8 19. Qd2 Rc6 20. Rd4 d6 21. Rd1 Nb7 22. Rg4 f5 23. Rd4 a6 24. e4 e5 25. Rd5 Qc8 26. Qg5 Rf8 27. R5d2 h6 28. Qh5 Qe6 29. Nd5 fxe4 30. Ne3 Nc5 31. Qh4 Qg6 32. Nd5 Rf7 33. Ne7+ Rxe7 34. Qxe7 Nd3 35. Qb7 d5 36. cxd5 Rd6 37. Qxa6 Nf4 38. Qc8+ Kh7 39. Kf1 Nd3 40. Qc4 Nc5 41. b4 Nd7 42. a4 Nf6 43. Re2 Qf5 44. a5 bxa5 45. bxa5 Qd7 46. Rxe4 Nxd5 47. Kg1 Nf6 48. Rxd6 Qxd6 49. Re1 Qd2 50. Rxe5 Qd1+ 51. Kg2 Ng4 52. Qe4+ Kg8 53. Re8+ Kf7 54. Qe6# 1-0


[Site "https://www.chess.com"]

[Event "Titled Tuesday Blitz July 18 Late 2023"]
[White "Andreikin, Dmitry"]
[Black "Jovic, Stanoje"]
[WhiteFideId "4158814"]
[BlackFideId "905020"]
[WhiteElo "2995"]
[BlackElo "2490"]
[Result "1-0"]
[Round "1"]
[TimeControl "180+2"]
[Date "2023.07.18"]
[WhiteClock "0:02:29"]
[BlackClock "0:00:35"]
[Board "14"]

1. d4 Nf6 2. c4 e6 3. Nc3 Bb4 4. Nf3 O-O 5. Bg5 h6 6. Bh4 b6 7. e3 Bb7 8. Bd3 d5 9. cxd5 exd5 10. O-O Re8 11. Ne5 Bxc3 12. bxc3 Re6 13. Bf5 Rd6 14. Ng4 Nbd7 15. Bxd7 Rxd7 16. Bxf6 gxf6 17. Nxh6+ Kf8 18. Qh5 Rd6 19. Qxf7# 1-0


[Site "https://www.chess.com"]

[Event "Titled Tuesday Blitz July 18 Late 2023"]
[White "Novikov, Evgenij"]
[Black "Yoo, Christopher Woojin"]
[WhiteFideId "4125380"]
[BlackFideId "30909694"]
[WhiteElo "2489"]
[BlackElo "2994"]
[Result "0-1"]
[Round "1"]
[TimeControl "180+2"]
[Date "2023.07.18"]
[WhiteClock "0:00:13"]
[BlackClock "0:01:27"]
[Board "15"]

1. d4 Nf6 2. Nf3 b6 3. g3 Bb7 4. Bg2 c5 5. dxc5 bxc5 6. O-O g6 7. c4 Bg7 8. Nc3 O-O 9. Qc2 Nc6 10. Be3 d6 11. Rad1 Qb6 12. b3 Rfd8 13. h3 a5 14. a4 Nb4 15. Qd2 d5 16. cxd5 Nbxd5 17. Nxd5 Nxd5 18. Bh6 Nc3 19. Bxg7 Rxd2 20. Bxc3 Rxd1 21. Rxd1 Qxb3 22. Rd3 Qxa4 23. h4 Qb5 24. h5 a4 25. h6 a3 26. Rd1 Qxe2 27. Re1 Qd3 28. Re3 Qxe3 29. fxe3 a2 30. Ba1 Bxf3 31. Bxf3 Rb8 32. Be4 Rb1+ 0-1


[Site "https://www.chess.com"]

[Event "Titled Tuesday Blitz July 18 Late 2023"]
[White "Tomaszewski, Kacper"]
[Black "Maghsoodloo, Parham"]
[WhiteFideId "1127373"]
[BlackFideId "12539929"]
[WhiteElo "2485"]
[BlackElo "2984"]
[Result "0-1"]
[Round "1"]
[TimeControl "180+2"]
[Date "2023.07.18"]
[WhiteClock "0:00:00"]
[BlackClock "0:01:12"]
[Board "17"]

1. d4 Nf6 2. c4 e6 3. Nc3 Bb4 4. Bf4 O-O 5. e3 d5 6. Qc2 Nbd7 7. Nf3 c5 8. dxc5 Nxc5 9. Be2 b6 10. O-O Ba6 11. Rfd1 Bxc3 12. bxc3 Qc8 13. cxd5 Bxe2 14. Qxe2 Nxd5 15. Be5 f6 16. c4 Ne7 17. Bd6 Rf7 18. Nd4 Ne4 19. Bb4 Nc6 20. Nxc6 Qxc6 21. Rac1 Rc8 22. Qf3 h6 23. Rd4 f5 24. Rcd1 Kh7 25. h4 Qa4 26. a3 a5 27. Be1 Rxc4 28. Rd8 Rcc7 29. Rb8 Rfd7 30. Rxd7 Qxd7 31. Kh2 Rc1 32. g3 Rxe1 33. Qh5 Nf6 0-1


[Site "https://www.chess.com"]

[Event "Titled Tuesday Blitz July 18 Late 2023"]
[White "Kramnik, Vladimir"]
[Black "CatLivesMatter"]
[WhiteFideId "4101588"]
[WhiteElo "2983"]
[BlackElo "2484"]
[Result "1-0"]
[Round "1"]
[TimeControl "180+2"]
[Date "2023.07.18"]
[WhiteClock "0:01:32"]
[BlackClock "0:01:02"]
[Board "18"]

1. Nf3 Nf6 2. g3 g6 3. Bg2 Bg7 4. O-O O-O 5. c4 d6 6. Nc3 Nc6 7. d3 e5 8. b3 Nd7 9. Bb2 f5 10. e3 Nf6 11. Nd2 Be6 12. a3 Rb8 13. Nd5 Ne7 14. Nxf6+ Bxf6 15. f4 c6 16. Nf3 Qc7 17. Qd2 exf4 18. exf4 Qb6+ 19. Kh1 Qxb3 20. Bxf6 Rxf6 21. Rfe1 Re8 22. Nd4 Qa4 23. Nxe6 Nc8 24. Ng5 Ref8 25. Qc3 h6 26. Ne6 Nb6 27. Nxf8 1-0


[Site "https://www.chess.com"]

[Event "Titled Tuesday Blitz July 18 Late 2023"]
[White "Korkmaz, Necmettin"]
[Black "Svane, Frederik"]
[WhiteFideId "6303285"]
[BlackFideId "12923044"]
[WhiteElo "2483"]
[BlackElo "2970"]
[Result "0-1"]
[Round "1"]
[TimeControl "180+2"]
[Date "2023.07.18"]
[WhiteClock "0:00:42"]
[BlackClock "0:00:45"]
[Board "19"]

1. e4 e5 2. Nf3 Nc6 3. Bc4 Nf6 4. d3 Be7 5. O-O O-O 6. c3 d6 7. h3 Na5 8. Bb5 a6 9. Ba4 b5 10. Bc2 c5 11. Nbd2 Qc7 12. Re1 Be6 13. b3 Nc6 14. Bb2 b4 15. Rc1 bxc3 16. Bxc3 a5 17. Nc4 g6 18. Ng5 Bd7 19. Ne3 h6 20. Nf3 Be6 21. Qd2 Qd7 22. Nd5 Nxd5 23. exd5 Bxd5 24. Qxh6 Bxf3 25. gxf3 Qf5 26. Bd2 Nd4 27. Bd1 Rfe8 28. Re4 d5 29. Rg4 Qxd3 30. Be3 Qf5 31. Bxd4 exd4 32. Bc2 d3 33. Bb1 Bf8 34. Qh4 d2 35. Rf1 Qxb1 36. Rxb1 Re1+ 37. Rxe1 dxe1=Q+ 38. Kg2 Qe6 39. Qg5 d4 40. h4 Rd8 41. h5 Rd5 42. Qf4 Rxh5 43. Qb8 Kg7 44. Qc7 Bd6 45. Qc6 d3 46. Re4 Qh3+ 0-1


[Site "https://www.chess.com"]

[Event "Titled Tuesday Blitz July 18 Late 2023"]
[White "Pranav, V"]
[Black "Rodriguez Fontecha, Marcos"]
[WhiteFideId "25060783"]
[BlackFideId "2256576"]
[WhiteElo "2970"]
[BlackElo "2480"]
[Result "1-0"]
[Round "1"]
[TimeControl "180+2"]
[Date "2023.07.18"]
[WhiteClock "0:01:10"]
[BlackClock "0:00:29"]
[Board "20"]

1. e4 e6 2. d4 d5 3. Nc3 Bb4 4. e5 Ne7 5. Nf3 b6 6. Bd2 Bxc3 7. Bxc3 Ba6 8. Bxa6 Nxa6 9. Qd3 Nb8 10. h4 Qd7 11. h5 h6 12. a4 c5 13. a5 cxd4 14. Nxd4 Qb7 15. Nb5 O-O 16. Nd6 Qc6 17. O-O Nd7 18. Rfd1 Nc5 19. Qe2 Nc8 20. Nb5 Ne4 21. Bb4 Nc5 22. Nd4 Qb7 23. Ra3 Ne7 24. Rg3 Ne4 25. Rg4 Nc6 26. Bxf8 Rxf8 27. a6 Qc8 28. Nxc6 Qxc6 29. c4 Rd8 30. Rxe4 1-0


[Site "https://www.chess.com"]

[Event "Titled Tuesday Blitz July 18 Late 2023"]
[White "Horcajuelo Rocamora, Martin"]
[Black "Svane, Rasmus"]
[WhiteFideId "24573027"]
[BlackFideId "4657101"]
[WhiteElo "2476"]
[BlackElo "2968"]
[Result "0-1"]
[Round "1"]
[TimeControl "180+2"]
[Date "2023.07.18"]
[WhiteClock "0:00:15"]
[BlackClock "0:00:30"]
[Board "21"]

1. e4 c6 2. d4 d5 3. exd5 cxd5 4. Bd3 Nc6 5. c3 Nf6 6. Bf4 Bg4 7. Qb3 Qd7 8. Nd2 e6 9. h3 Bh5 10. Ngf3 Bd6 11. Bxd6 Qxd6 12. O-O O-O 13. Rfe1 Qc7 14. a4 Rab8 15. Qa3 Rfc8 16. Rac1 Bg6 17. Bxg6 hxg6 18. b4 Ne7 19. Ne5 Nf5 20. Nb3 Qd8 21. Nc5 Rc7 22. b5 Nd6 23. Qb4 Nde4 24. Nxe4 dxe4 25. Qb2 Qd6 26. c4 Rd8 27. Rcd1 Nd7 28. Nxd7 Qxd7 29. Qb4 f5 30. d5 Qd6 31. Qb3 e5 32. a5 Rdc8 33. Rc1 b6 34. axb6 axb6 35. Re2 Kh7 36. Ra2 Rc5 37. Rcc2 Qc7 38. h4 Rxc4 39. d6 Qc5 40. d7 Rxc2 41. dxc8=Q Rc1+ 42. Kh2 Qxc8 43. Ra7 Qd8 44. Kh3 Rh1+ 0-1


[Site "https://www.chess.com"]

[Event "Titled Tuesday Blitz July 18 Late 2023"]
[White "He, Anthony"]
[Black "JERO-8914"]
[WhiteFideId "2088215"]
[WhiteElo "2965"]
[BlackElo "2475"]
[Result "1-0"]
[Round "1"]
[TimeControl "180+2"]
[Date "2023.07.18"]
[WhiteClock "0:00:19"]
[BlackClock "0:00:17"]
[Board "22"]

1. d4 Nf6 2. Nc3 d5 3. Bf4 Bf5 4. e3 e6 5. Nf3 a6 6. Ne5 c5 7. g4 Be4 8. f3 Bg6 9. h4 h5 10. Nxg6 fxg6 11. g5 Ng8 12. Bd3 Ne7 13. dxc5 Nd7 14. b4 Nf5 15. e4 dxe4 16. Bxe4 Qc8 17. Qd2 a5 18. Nb5 e5 19. Bh2 axb4 20. Rd1 Bxc5 21. Qd5 Nb6 22. Qxe5+ Kf7 23. Bd5+ Nxd5 24. Qxd5+ Qe6+ 25. Qxe6+ Kxe6 26. Nc7+ Kf7 27. Rd7+ Be7 28. Nxa8 Rxa8 29. Rxb7 Rxa2 30. Kd2 Nd4 31. Kd3 Nf5 32. Be5 Ra3+ 33. Kc4 Kf8 34. Ra1 Rxf3 35. Kd5 Kf7 36. Raa7 Rf1 37. Rxb4 Rd1+ 38. Kc6 Ke6 39. Re4 Kf7 40. c4 Kg8 41. Bc3 Rd6+ 42. Kb5 Bd8 43. Re8+ Kh7 44. c5 Rd3 45. Be5 Nxh4 46. Rxg7# 1-0


[Site "https://www.chess.com"]

[Event "Titled Tuesday Blitz July 18 Late 2023"]
[White "Van Foreest, Machteld"]
[Black "Xiong, Jeffery"]
[WhiteFideId "1051563"]
[BlackFideId "2047640"]
[WhiteElo "2475"]
[BlackElo "2964"]
[Result "0-1"]
[Round "1"]
[TimeControl "180+2"]
[Date "2023.07.18"]
[WhiteClock "0:00:09"]
[BlackClock "0:00:49"]
[Board "23"]

1. e4 c6 2. Nf3 d5 3. d3 Qc7 4. Nc3 dxe4 5. dxe4 e5 6. Be3 Nf6 7. h3 Be7 8. a4 O-O 9. Bc4 Nbd7 10. O-O Nc5 11. Bxc5 Bxc5 12. Qe2 Bd7 13. Rfd1 Rad8 14. Rab1 a5 15. Nh4 Bc8 16. Nf5 g6 17. Rxd8 Qxd8 18. Rd1 Qc7 19. Nh4 Qb6 20. b3 Kg7 21. Nf3 Re8 22. Na2 h6 23. Nc1 Qc7 24. Nd3 Bd6 25. c3 Bd7 26. b4 Ra8 27. Nc5 axb4 28. Nxd7 Nxd7 29. cxb4 Bxb4 30. Bxf7 Nb6 31. Qb2 Bd6 32. Rxd6 Qxd6 33. Qxb6 Rxa4 34. Qxb7 Rb4 35. Qa7 Kf6 36. Be8 Qe6 37. Bd7 Qe7 38. Qc7 Rb1+ 39. Kh2 Rd1 40. Qxc6+ Rd6 41. Qc8 Rxd7 42. Qh8+ Qg7 43. Qxg7+ Rxg7 44. Nxe5 Kxe5 0-1


[Site "https://www.chess.com"]

[Event "Titled Tuesday Blitz July 18 Late 2023"]
[White "Hakobyan, Aram"]
[Black "Toniutti, Ezio"]
[WhiteFideId "13306677"]
[BlackFideId "113034"]
[WhiteElo "2962"]
[BlackElo "2475"]
[Result "1-0"]
[Round "1"]
[TimeControl "180+2"]
[Date "2023.07.18"]
[WhiteClock "0:00:09"]
[BlackClock "0:00:01"]
[Board "24"]

1. e4 e5 2. Nf3 Nc6 3. Nc3 Nf6 4. Nd5 Be7 5. Bd3 O-O 6. c3 d6 7. Bc2 Be6 8. Nxe7+ Nxe7 9. O-O Ng6 10. d4 h6 11. h3 Re8 12. Re1 Qe7 13. Be3 a6 14. Qd2 Nh5 15. Kh2 Rad8 16. Rad1 Bc8 17. Bd3 Nhf4 18. Bf1 Qe6 19. dxe5 dxe5 20. Qxd8 Rxd8 21. Rxd8+ Kh7 22. Red1 b6 23. g3 Nh5 24. b3 b5 25. Bg2 Nf6 26. Ne1 Bb7 27. f3 Bc6 28. Nd3 Nd7 29. Nb4 Nf6 30. Nxa6 h5 31. Nc5 Qe7 32. h4 Ng8 33. Bh3 Nh6 34. b4 f6 35. Rc8 Nf7 36. Bf5 Nd6 37. Rxd6 Qxd6 38. Ne6 Qd1 39. Nf8+ Kg8 40. Nxg6+ 1-0


[Site "https://www.chess.com"]